 Dungeon Crawl Stone Soup version 0.26.1-11-gd32895ea62 (webtiles) character file.

Game seed: 7166608055521712206

466 phalm the Shield-Bearer (level 7, 0/59 HPs)
             Began as a Gnoll Fighter on June 3, 2021.
             Succumbed to a gnoll's poison
             ... on level 3 of the Dungeon.
             The game lasted 00:05:57 (2826 turns).

phalm the Shield-Bearer (Gnoll Fighter)             Turns: 2826, Time: 00:05:58

Health: 0/59       AC:  7    Str: 20    XL:     7   Next: 8%
Magic:  10/10      EV:  9    Int: 11    God:
Gold:   247        SH: 11    Dex: 14    Spells: 10/10 levels left

rFire    . . .     SeeInvis .   q - +2 flail (holy)
rCold    . . .     Faith    .   c - +0 kite shield
rNeg     . . .     Spirit   .   b - +0 scale mail
rPois    .         Reflect  .   (no helmet)
rElec    .         Harm     .   (no cloak)
rCorr    .         Rampage  .   (no gloves)
Will     .....                  (no boots)
Stlth    +.........             (no amulet)
HPRegen  0.19/turn              (no ring)
MPRegen  0.12/turn              (no ring)

@: brilliant, lethally poisoned (0 -> -1), berserk cooldown, flying, slowed,
very slow
A: distributed training, fangs 1, strong nose
a: no special abilities


You were on level 3 of the Dungeon.
You visited 1 branch of the dungeon, and saw 3 of its levels.

You collected 247 gold pieces.


Innate Abilities, Weirdness & Mutations

Your experience applies equally to all skills.
You have very sharp teeth.
Your uncanny sense of smell can sniff out nearby items.


   Skills:
 + Level 6.9 Fighting
 + Level 2.2 Short Blades
 + Level 2.2 Long Blades
 + Level 2.2 Axes
 + Level 5.1 Maces & Flails
 + Level 2.2 Polearms
 + Level 2.2 Staves
 + Level 2.2 Slings
 + Level 2.2 Bows
 + Level 2.2 Crossbows
 + Level 2.2 Throwing
 + Level 6.9 Armour
 + Level 2.2 Dodging
 + Level 2.2 Stealth
 + Level 6.9 Shields
 + Level 2.2 Unarmed Combat
 + Level 2.2 Spellcasting
 + Level 1.8 Conjurations
 + Level 1.8 Hexes
 + Level 1.8 Summonings
 + Level 1.8 Necromancy
 + Level 1.8 Translocations
 + Level 1.8 Transmutations
 + Level 1.8 Fire Magic
 + Level 1.8 Ice Magic
 + Level 1.8 Air Magic
 + Level 1.8 Earth Magic
 + Level 1.8 Poison Magic
 + Level 2.5 Invocations
 + Level 2.2 Evocations


You had 10 spell levels left.
You didn't know any spells.
Your spell library was empty.

Inventory:

Hand Weapons
 q - a +2 flail of holy wrath (weapon)
   (You took it off a gnoll on level 3 of the Dungeon)
Missiles
 a - 8 atropa-tipped darts
 e - 46 stones
 n - 30 sling bullets
 r - 24 bolts
 s - 21 arrows
 v - 7 poisoned darts (quivered)
Armour
 b - a +0 scale mail (worn)
 c - a +0 kite shield (worn)
Scrolls
 h - 3 scrolls of identify {unknown}
 i - a scroll of blinking {unknown}
 j - 3 scrolls of teleportation {@r4}
 l - a scroll of noise {unknown}
 o - a scroll of remove curse {unknown}
 t - 2 scrolls of enchant armour {unknown}
 u - a scroll of amnesia {unknown}
Potions
 d - a potion of might
 m - a potion of brilliance

Dungeon Overview and Level Annotations

Branches:
Dungeon (3/15)

Altars:

#...'.'.........###..........
#...###.....)<>.+............
#...##.......)..###.....#####
#...##....#..................
##......<.###.#.#######.#....
######...##..#.#.......#....
#...##..#.#.#######....
#...##..#.#....#.##.###
#...##@.#.#..#.#.##.#
###..(.)........<..##.###
###(.(............##.##....
#..(............#....##....
#.#(#........##......##....
#.#.#...........#.#)###....
#.#.........###.......#....
#.#........................
#.#.........###.#..........


There were no monsters in sight!


Message History

* * * LOW HITPOINT WARNING * * *
You are more poisoned.
The gnoll shaman closely misses you. 😱 HP[-7]
You take 7 damage, and now have 13/59 hp.
You feel better. The gnoll hits you but does no damage.
You are poisoned.
The gnoll hits you.
* * * LOW HITPOINT WARNING * * *
The gnoll shaman closely misses you.
You feel sick. You block the gnoll's attack. 😱 HP[-1]
You take 1 damage, and now have 12/59 hp.
Your surroundings suddenly seem different.
You feel sick.
A goblin comes into view.
It is wielding a +0 war axe and carrying a wand of iceblast (11).
The goblin shouts!
A goblin is nearby!
You are too injured to fight recklessly!
Throw: 12 darts (poison)
Press: ? - help, Q - select action, (/) - cycle Shift-Dir - straight line, f - goblin
Aim: a goblin, wielding a +0 war axe and carrying a wand of iceblast (11) (56% to hit)
You throw a poisoned dart.
The poisoned dart closely misses the goblin.
The goblin zaps a wand.
The mass of ice explodes!
The iceblast engulfs you.
* * * LOW HITPOINT WARNING * * *
😱 HP[-3]
You take 3 damage, and now have 9/59 hp.
Throw: 11 darts (poison)
Press: ? - help, Q - select action, (/) - cycle Shift-Dir - straight line, f/p - goblin
Aim: a goblin, wielding a +0 war axe and carrying a wand of iceblast (10) (56% to hit)
You throw a poisoned dart. The poisoned dart hits the goblin.
The goblin is poisoned.
You feel sick. 😱 HP[-1]
You take 1 damage, and now have 8/59 hp.
Throw: 10 darts (poison)
Press: ? - help, Q - select action, (/) - cycle Shift-Dir - straight line, f/p - goblin
Aim: a goblin, wielding a +0 war axe and carrying a wand of iceblast (10) (moderately wounded, poisoned, 56% to hit)
You throw a poisoned dart.
The poisoned dart barely misses the goblin.
Throw: 9 darts (poison)
Press: ? - help, Q - select action, (/) - cycle Shift-Dir - straight line, f/p - goblin
Aim: a goblin, wielding a +0 war axe and carrying a wand of iceblast (10) (severely wounded, poisoned, 56% to hit)
You throw a poisoned dart. The poisoned dart hits the goblin.
The goblin looks even sicker.
You feel sick. 😱 HP[-1]
You take 1 damage, and now have 7/59 hp.
Throw: 8 darts (poison)
Press: ? - help, Q - select action, (/) - cycle Shift-Dir - straight line, f/p - goblin
Aim: a goblin, wielding a +0 war axe and carrying a wand of iceblast (10) (almost dead, very poisoned, 56% to hit)
You throw a poisoned dart.
The poisoned dart closely misses the goblin.
You closely miss the goblin.
You feel sick.
The goblin drinks a potion.
The goblin flickers and vanishes!
Deactivating autopickup; reactivate with Ctrl-A.
You miss something.
You hear a zap.
An iceblast appears from out of thin air!
The mass of ice explodes!
The iceblast engulfs you.
* * * LOW HITPOINT WARNING * * *
The iceblast engulfs something!
Reactivating autopickup.
You feel a bit more experienced. 😱 HP[-5]
You take 5 damage, and now have 2/59 hp.
There is a lethal amount of poison in your body!
It was a potion of brilliance.
You feel clever all of a sudden.
* * * LOW HITPOINT WARNING * * *
You feel sick. 😱 HP[-1]
You take 1 damage, and now have 1/59 hp.
It was a potion of berserk rage.
A red film seems to cover your vision as you go berserk!
You feel yourself moving faster!
You feel mighty! 😱 HP[+1]
You now have 88 max hp (+29).
You are too berserk!
You feel a strong urge to attack something.
You feel your anger nearly subside.
You feel sick.
You are no longer berserk.
You are exhausted.
You feel yourself slow down. 😱 HP[-1]
You now have 59 max hp (-29).
It was a potion of flight.
You feel very buoyant.
You fly up into the air. 😱 HP[+1]
* * * LOW HITPOINT WARNING * * *
You feel sick. 😱 HP[-1]
You take 1 damage, and now have 1/59 hp.
There is a lethal amount of poison in your body!
You die...

Skill      XL: |  1  2  3  4  5  6 |
---------------+-------------------+-----
Invocations    | 1 2 |  2.5
Short Blades   | 1 2 |  2.2
Long Blades    | 1 2 |  2.2
Axes           | 1 2 |  2.2
Polearms       | 1 2 |  2.2
Staves         | 1 2 |  2.2
Slings         | 1 2 |  2.2
Bows           | 1 2 |  2.2
Crossbows      | 1 2 |  2.2
Throwing       | 1 2 |  2.2
Dodging        | 1 2 |  2.2
Stealth        | 1 2 |  2.2
Unarmed Combat | 1 2 |  2.2
Spellcasting   | 1 2 |  2.2
Evocations     | 1 2 |  2.2
Conjurations   | 1 |  1.8
Hexes          | 1 |  1.8
Summonings     | 1 |  1.8
Necromancy     | 1 |  1.8
Translocations | 1 |  1.8
Transmutations | 1 |  1.8
Fire Magic     | 1 |  1.8
Ice Magic      | 1 |  1.8
Air Magic      | 1 |  1.8
Earth Magic    | 1 |  1.8
Poison Magic   | 1 |  1.8
Maces & Flails | 5 |  5.1
Fighting       | |  6.9
Armour         | |  6.9
Shields        | |  6.9

Action                   |  1- 3 |  4- 6 |  7- 9 || total
-------------------------+-------+-------+-------++-------
Melee: Flail             |    93 |    75 |    10 ||   178
       Bite              |     8 |     8 |       ||    16
Throw: Boomerang         |       |   129 |       ||   129
       Stone             |       |     1 |       ||     1
       Dart              |       |    20 |     9 ||    29
  Use: Potion            |       |       |     4 ||     4
       Scroll            |       |       |     1 ||     1
Armor: Scale mail        |    23 |    27 |     1 ||    51
Dodge: Dodged            |    36 |    28 |     3 ||    67
Block: Kite shield       |    39 |    43 |     9 ||    91

Levels and vault maps discovered:
D:1:      lemuel_arrival_behind_the_door_small, layout_loops_cross
D:2:      layout_loops_cross, chequers_ecumenical_altar_simple, uniq_sigmund
D:3:      lemuel_castle_with_subvaults [lemuel_castle_interior_carwin_2],
          layout_basic, minmay_gold_behind_fungi

Notes
Turn   | Place    | Note
-------+----------+-------------------------------------------
     0 | D:1      | phalm the Gnoll Fighter began the quest for the Orb.
     0 | D:1      | Reached XP level 1. HP: 23/23 MP: 1/1
     0 | D:1      | magus.rc [v1.9.10]
    78 | D:1      | Reached XP level 2. HP: 29/29 MP: 2/2
   557 | D:1      | Reached XP level 3. HP: 32/35 MP: 3/3
   985 | D:2      | Reached skill level 1 in Invocations
  1123 | D:2      | Reached skill level 1 in Short Blades
  1123 | D:2      | Reached skill level 1 in Long Blades
  1123 | D:2      | Reached skill level 1 in Axes
  1123 | D:2      | Reached skill level 1 in Polearms
  1123 | D:2      | Reached skill level 1 in Staves
  1123 | D:2      | Reached skill level 1 in Slings
  1123 | D:2      | Reached skill level 1 in Bows
  1123 | D:2      | Reached skill level 1 in Crossbows
  1123 | D:2      | Reached skill level 1 in Throwing
  1123 | D:2      | Reached skill level 1 in Dodging
  1123 | D:2      | Reached skill level 1 in Stealth
  1123 | D:2      | Reached skill level 1 in Unarmed Combat
  1123 | D:2      | Reached skill level 1 in Spellcasting
  1123 | D:2      | Reached skill level 1 in Evocations
  1123 | D:2      | Found a faded altar of an unknown god.
  1168 | D:2      | Reached XP level 4. HP: 41/41 MP: 5/5
  1255 | D:2      | Noticed Sigmund
  1267 | D:2      | Killed Sigmund
  1268 | D:2      | Reached skill level 1 in Conjurations
  1268 | D:2      | Reached skill level 1 in Hexes
  1268 | D:2      | Reached skill level 1 in Summonings
  1268 | D:2      | Reached skill level 1 in Necromancy
  1268 | D:2      | Reached skill level 1 in Translocations
  1268 | D:2      | Reached skill level 1 in Transmutations
  1268 | D:2      | Reached skill level 1 in Fire Magic
  1268 | D:2      | Reached skill level 1 in Ice Magic
  1268 | D:2      | Reached skill level 1 in Air Magic
  1268 | D:2      | Reached skill level 1 in Earth Magic
  1268 | D:2      | Reached skill level 1 in Poison Magic
  1268 | D:2      | Reached XP level 5. HP: 19/47 MP: 5/7
  1566 | D:2      | Reached skill level 2 in Invocations
  1566 | D:2      | Reached XP level 6. HP: 53/53 MP: 8/8
  1991 | D:3      | Reached skill level 5 in Maces & Flails
  2027 | D:3      | Reached skill level 2 in Short Blades
  2027 | D:3      | Reached skill level 2 in Long Blades
  2027 | D:3      | Reached skill level 2 in Axes
  2027 | D:3      | Reached skill level 2 in Polearms
  2027 | D:3      | Reached skill level 2 in Staves
  2027 | D:3      | Reached skill level 2 in Slings
  2027 | D:3      | Reached skill level 2 in Bows
  2027 | D:3      | Reached skill level 2 in Crossbows
  2027 | D:3      | Reached skill level 2 in Throwing
  2027 | D:3      | Reached skill level 2 in Dodging
  2027 | D:3      | Reached skill level 2 in Stealth
  2027 | D:3      | Reached skill level 2 in Unarmed Combat
  2027 | D:3      | Reached skill level 2 in Spellcasting
  2027 | D:3      | Reached skill level 2 in Evocations
  2701 | D:3      | Reached XP level 7. HP: 46/59 MP: 10/10
  2805 | D:3      | HP: 13/59 [gnoll/+1 halberd of venom (5)]
  2810 | D:3      | HP: 8/59 [poisoned by a gnoll]
  2815 | D:3      | HP: 2/59 [something/iceblast (5)]
  2820 | D:3      | HP: 2/88 [poisoned by a gnoll]
  2826 | D:3      | Succumbed to a gnoll's poison

Vanquished Creatures
  Sigmund (D:2)
  2 gnoll shamans (D:3)
  A hound skeleton (D:2)
  5 adders
  11 gnolls
  2 worms
  2 dart slugs
  An orc (D:3)
  3 ball pythons (D:1)
  3 giant cockroaches (D:1)
  10 goblins
  10 hobgoblins
  14 jackals (D:3)
  5 kobolds
  2 quokkas (D:2)
  4 bats
  5 frilled lizards
  7 rats
88 creatures vanquished.

Vanquished Creatures (others)
  A goblin (D:3)
  4 fungi (D:3)
  2 plants (D:3)
  4 toadstools (D:3)
11 creatures vanquished.

Grand Total: 99 creatures vanquished

Table legend:
 A = Non-vault XP
 B = Vault XP
 C = Vault XP percentage of total XP
 D = Non-vault monster count
 E = Vault monster count
 F = Vault count percentage of total count
                 A         B        C        D         E       F
            +---------+---------+-------+---------+---------+-------
      Total |     244 |     423 |  63.4 |      65 |      24 |  27.0
            +---------+---------+-------+---------+---------+-------
        D:1 |      40 |       0 |   0.0 |      24 |       0 |   0.0
        D:2 |     115 |     208 |  64.4 |      20 |       1 |   4.8
        D:3 |      89 |     215 |  70.7 |      21 |      23 |  52.3
            +---------+---------+-------+---------+---------+-------

Illustrated notes

Table legend:
 A = Kills in this place as a percentage of kills in entire the game.
 B = Kills by you in this place as a percentage of kills by you in the entire game.
 C = Kills by friends in this place as a percentage of kills by friends in the entire game.
 D = Other kills in this place as a percentage of other kills in the entire game.
 E = Experience gained in this place as a percentage of experience gained in the entire game.
 F = Experience gained in this place divided by the number of levels of this place that you have seen.
                   A       B       C       D       E      F
               +-------+-------+-------+-------+-------+----------------------
         Total | 100.0 | 100.0 |   N/A | 100.0 | 100.0 | 222.3
       Dungeon | 100.0 | 100.0 |   N/A | 100.0 | 100.0 | 222.3
               +-------+-------+-------+-------+-------+----------------------

Table legend: (Time is in decaauts)
 A = Elapsed time spent in this place.
 B = Non-inter-level travel time spent in this place.
 C = Inter-level travel time spent in this place.
 D = Time resting spent in this place.
 E = Time spent auto-exploring this place.
 F = Levels seen in this place.
 G = Mean time per level.
                   A        B        C        D        E       F      G
               +--------+--------+--------+--------+--------+-----+--------+
         Total |   2908 |   2862 |     46 |     75 |   2178 |   3 |  969.3 |
       Dungeon |   2908 |   2862 |     46 |     75 |   2178 |   3 |  969.3 |
               +--------+--------+--------+--------+--------+-----+--------+

Top non-repeatable levels by time:
     D:2: 1068 daAuts
     D:3: 948 daAuts
     D:1: 892 daAuts
